ITL
ALLENTOWN HILLBILLIES @ PORTLAND PRIVATEERS
09/21/2030
 
TOP OF THE 1ST
Allentown Hillbillies batting - Pitching for Portland Privateers : RHP Ed Calhoun
Pitching: RHP Ed Calhoun
Batting: LHB Júlio Lorenzo 0-0: Ball
1-0: Ball
2-0: Foul Ball, location: 2F
2-1: Ball
3-1: Base on Balls
Batting: RHB Albert Lutz 0-0: Called Strike
0-1: Ball
1-1: Grounds into double play, 6-4-3 (Groundball, 6)
Batting: LHB Eduardo Rodríguez 0-0: Called Strike
0-1: Foul Ball, location: 2F
0-2: Ball
1-2: Strikes out swinging
Top of the 1st over - 0 runs, 0 hits, 0 errors, 0 left on base; Allentown 0 - Portland 0
BOTTOM OF THE 1ST
Portland Privateers batting - Pitching for Allentown Hillbillies : LHP Robert Trent
Pitching: LHP Robert Trent
Batting: RHB Chris Adams 0-0: Called Strike
0-1: Called Strike
0-2: Foul Ball, location: 2F
0-2: Ball
1-2: Ground out 3-1 (Groundball, 34S)
Batting: LHB Yasuhiko Onodera 0-0: Ball
1-0: Ground out 1-3 (Groundball, 13)
Batting: SHB Jacob Knapp 0-0: Called Strike
0-1: Foul Ball, location: 2F
0-2: Fly out, F7 (Flyball, 7S)
Bottom of the 1st over - 0 runs, 0 hits, 0 errors, 0 left on base; Allentown 0 - Portland 0
TOP OF THE 2ND
Allentown Hillbillies batting - Pitching for Portland Privateers : RHP Ed Calhoun
Batting: RHB Donald Sanford 0-0: Ball
1-0: Called Strike
1-1: Ball
2-1: Ball
3-1: Foul Ball, location: 2F
3-2: Foul Ball, location: 2F
3-2: Foul Ball, location: 2F
3-2: Fly out, F8 (Flyball, 8LM)
Batting: LHB Ryan Flynn 0-0: Ball
1-0: Ball
2-0: Ball
3-0: Base on Balls
Batting: RHB Von Ford 0-0: Ball
1-0: SINGLE (Line Drive, 4D)
Ryan Flynn to second
Batting: RHB Joel Jackson 0-0: Foul Ball, location: 2F
0-1: Ball
1-1: Called Strike
1-2: Strikes out looking
Batting: RHB Justin Harris 0-0: SINGLE (Line Drive, 56)
Ryan Flynn to third
Von Ford to second
Runner from 3rd tries for Home, SAFE, no throw
Batting: RHB Jeff Townsley 0-0: Called Strike
0-1: Fly out, F3 (Popup, 3SF)
Top of the 2nd over - 1 run, 2 hits, 0 errors, 2 left on base; Allentown 1 - Portland 0
BOTTOM OF THE 2ND
Portland Privateers batting - Pitching for Allentown Hillbillies : LHP Robert Trent
Batting: RHB José Balina 0-0: Foul Ball, location: 2F
0-1: SINGLE (Line Drive, 4MD)
Batting: LHB Dillon Beck 0-0: Ball
1-0: Ball
Wild Pitch!
José Balina to second
2-0: Ball
3-0: Base on Balls
Batting: SHB Patrick Larson 0-0: Called Strike
0-1: Ball
1-1: Foul Ball, location: 2F
1-2: Foul Ball, location: 2F
1-2: Fly out, F9 (Flyball, 89M)
Batting: SHB Héctor Jiménez 0-0: Ball
1-0: Ball
2-0: Swinging Strike
2-1: SINGLE (Flyball, 78S)
José Balina to third
Dillon Beck to second
Runner from 3rd tries for Home, SAFE, throw made home
Batting: SHB José Espinoza 0-0: Ball
1-0: Called Strike
1-1: Swinging Strike
1-2: Strikes out swinging
Batting: SHB Luis Manuel López 0-0: Fly out, F6 (Popup, 6M)
Bottom of the 2nd over - 1 run, 2 hits, 0 errors, 2 left on base; Allentown 1 - Portland 1
TOP OF THE 3RD
Allentown Hillbillies batting - Pitching for Portland Privateers : RHP Ed Calhoun
Batting: LHB Júlio Lorenzo 0-0: Called Strike
0-1: Ball
1-1: Ball
2-1: Ball
3-1: Called Strike
3-2: DOUBLE (Line Drive, 7LD)
Batting: RHB Albert Lutz 0-0: Ground out 5-3 (Groundball, 56)
Batting: LHB Eduardo Rodríguez 0-0: Ball
1-0: Fly out, F2 (Popup, 23F)
Batting: RHB Donald Sanford 0-0: Called Strike
0-1: Ball
1-1: Called Strike
1-2: Ball
2-2: Ground out U3 (Groundball, 2R)
Top of the 3rd over - 0 runs, 1 hit, 0 errors, 1 left on base; Allentown 1 - Portland 1
BOTTOM OF THE 3RD
Portland Privateers batting - Pitching for Allentown Hillbillies : LHP Robert Trent
Batting: RHB Chris Adams 0-0: Ground out 5-3 (Groundball, 56)
Batting: LHB Yasuhiko Onodera 0-0: Foul Ball, location: 2F
0-1: Called Strike
0-2: Ball
1-2: Ground out 6-3 (Groundball, 6)
Batting: SHB Jacob Knapp 0-0: Ball
1-0: Ball
2-0: Called Strike
2-1: Foul Ball, location: 2F
2-2: SINGLE (Groundball, 25) (infield hit)
Batting: RHB Edward Holloway 0-0: Swinging Strike
0-1: Ball
1-1: SINGLE (Groundball, 6MD)
Jacob Knapp to second
Batting: LHB Dillon Beck 0-0: SINGLE (Line Drive, 6MD)
Jacob Knapp to third
Edward Holloway to second
Runner from 3rd tries for Home, SAFE, throw made home
Batting: SHB Patrick Larson 0-0: Swinging Strike
0-1: Swinging Strike
0-2: Ground out 5-3 (Groundball, 56S)
Bottom of the 3rd over - 1 run, 3 hits, 0 errors, 2 left on base; Allentown 1 - Portland 2
TOP OF THE 4TH
Allentown Hillbillies batting - Pitching for Portland Privateers : RHP Ed Calhoun
Batting: LHB Ryan Flynn 0-0: Fly out, F3 (Popup, 3SF)
Batting: RHB Von Ford 0-0: SOLO HOME RUN (Flyball, 7LD), Distance : 341 ft
Batting: RHB Joel Jackson 0-0: Foul Ball, location: 2F
0-1: Ball
1-1: Called Strike
1-2: SOLO HOME RUN (Flyball, 7LD), Distance : 340 ft
Pitching: RHP Sean Flynn
Batting: RHB Justin Harris 0-0: Called Strike
0-1: Ball
1-1: Swinging Strike
1-2: Strikes out swinging
Batting: RHB Jeff Townsley 0-0: Called Strike
0-1: Ground out 6-3 (Groundball, 6)
Top of the 4th over - 2 runs, 2 hits, 0 errors, 0 left on base; Allentown 3 - Portland 2
BOTTOM OF THE 4TH
Portland Privateers batting - Pitching for Allentown Hillbillies : LHP Robert Trent
Batting: SHB Héctor Jiménez 0-0: Ball
1-0: Called Strike
1-1: Ball
2-1: Swinging Strike
2-2: Foul Ball, location: 2F
2-2: Strikes out looking
Batting: SHB José Espinoza 0-0: Ball
1-0: Foul Ball, location: 2F
1-1: Ball
2-1: Foul Ball, location: 2F
2-2: Ball
3-2: Base on Balls
Batting: SHB Luis Manuel López 0-0: Ball
José Espinoza is caught stealing 2nd base
1-0: Foul Ball, location: 2F
1-1: Fly out, F8 (Flyball, 89S)
Bottom of the 4th over - 0 runs, 0 hits, 0 errors, 0 left on base; Allentown 3 - Portland 2
TOP OF THE 5TH
Allentown Hillbillies batting - Pitching for Portland Privateers : RHP Sean Flynn
Batting: LHB Júlio Lorenzo 0-0: Foul Ball, location: 2F
0-1: Fly out, F7 (Flyball, 78M)
Batting: RHB Albert Lutz 0-0: Ground out 5-3 (Groundball, 56)
Batting: LHB Eduardo Rodríguez 0-0: Called Strike
0-1: Ball
1-1: Swinging Strike
1-2: Ball
2-2: Fly out, F7 (Line Drive, 7D)
Top of the 5th over - 0 runs, 0 hits, 0 errors, 0 left on base; Allentown 3 - Portland 2
BOTTOM OF THE 5TH
Portland Privateers batting - Pitching for Allentown Hillbillies : LHP Robert Trent
Batting: RHB Chris Adams 0-0: Ball
1-0: Ball
2-0: Ball
3-0: Base on Balls
Batting: LHB Yasuhiko Onodera 0-0: Foul Ball, location: 2F
0-1: Foul Ball, location: 2F
0-2: Fly out, F6 (Flyball, 6MD)
Batting: SHB Jacob Knapp 0-0: SINGLE (Line Drive, 89S)
Chris Adams to second
Batting: RHB Edward Holloway 0-0: Called Strike
0-1: Fielders Choice at 2nd, 4-6 (Groundball, 4)
Chris Adams to third
Batting: LHB Dillon Beck Pickoff Throw to First - Error! E1
Chris Adams scores
Edward Holloway to second
0-0: Called Strike
0-1: Ball
1-1: Called Strike
1-2: Ball
2-2: Ball
3-2: Ground out 5-3 (Groundball, 56)
Bottom of the 5th over - 1 run, 1 hit, 1 error, 1 left on base; Allentown 3 - Portland 3
TOP OF THE 6TH
Allentown Hillbillies batting - Pitching for Portland Privateers : RHP Sean Flynn
Batting: RHB Donald Sanford 0-0: Foul Ball, location: 2F
0-1: Foul Ball, location: 2F
0-2: Fly out, F7 (Flyball, 78M)
Batting: LHB Ryan Flynn 0-0: SINGLE (Groundball, 34D)
Batting: RHB Von Ford 0-0: Ball
1-0: Swinging Strike
1-1: Swinging Strike
1-2: Strikes out swinging
Batting: RHB Joel Jackson 0-0: Ball
Ryan Flynn is caught stealing 2nd base
Top of the 6th over - 0 runs, 1 hit, 0 errors, 0 left on base; Allentown 3 - Portland 3
BOTTOM OF THE 6TH
Portland Privateers batting - Pitching for Allentown Hillbillies : LHP Robert Trent
Batting: SHB Patrick Larson 0-0: Called Strike
0-1: Ball
1-1: Fly out, F8 (Flyball, 8RM)
Batting: SHB Héctor Jiménez 0-0: Ball
1-0: Called Strike
1-1: Ball
2-1: Swinging Strike
2-2: Foul Ball, location: 2F
2-2: Foul Ball, location: 2F
2-2: Strikes out looking
Batting: SHB José Espinoza 0-0: Ball
1-0: Foul Ball, location: 2F
1-1: Ball
2-1: Ball
3-1: Foul Ball, location: 2F
3-2: Strikes out swinging
Bottom of the 6th over - 0 runs, 0 hits, 0 errors, 0 left on base; Allentown 3 - Portland 3
TOP OF THE 7TH
Allentown Hillbillies batting - Pitching for Portland Privateers : RHP Sean Flynn
Batting: RHB Joel Jackson 0-0: Foul Ball, location: 2F
0-1: Ball
1-1: Foul Ball, location: 2F
1-2: Foul Ball, location: 2F
1-2: Strikes out looking
Batting: RHB Justin Harris 0-0: Foul Ball, location: 2F
0-1: Ball
1-1: Swinging Strike
1-2: Strikes out swinging
Pinch Hitting: RHB Greg Handrahan 0-0: Called Strike
0-1: Ball
1-1: Ball
2-1: Foul Ball, location: 2F
2-2: Ball
3-2: Foul Ball, location: 2F
3-2: TRIPLE (Line Drive, 9LD)
Batting: LHB Júlio Lorenzo 0-0: Called Strike
0-1: Ground out U3 (Groundball, 34S)
Top of the 7th over - 0 runs, 1 hit, 0 errors, 1 left on base; Allentown 3 - Portland 3
BOTTOM OF THE 7TH
Portland Privateers batting - Pitching for Allentown Hillbillies : LHP Robert Trent
Pitching: RHP Dale Downs
Now in CF: Greg Handrahan
Pinch Hitting: RHB Joe Bailey 0-0: Called Strike
0-1: Foul Ball, location: 2F
0-2: Ball
1-2: Strikes out swinging
Batting: RHB Chris Adams 0-0: Foul Ball, location: 2F
0-1: Ball
1-1: Ball
2-1: Ball
3-1: Swinging Strike
3-2: Strikes out swinging
Batting: LHB Yasuhiko Onodera 0-0: Fly out, F8 (Flyball, 8LD)
Bottom of the 7th over - 0 runs, 0 hits, 0 errors, 0 left on base; Allentown 3 - Portland 3
TOP OF THE 8TH
Allentown Hillbillies batting - Pitching for Portland Privateers : RHP Sean Flynn
Now at SS: Rodney Birling
Batting: RHB Albert Lutz 0-0: Foul Ball, location: 2F
0-1: Fly out, F5 (Line Drive, 56)
Batting: LHB Eduardo Rodríguez 0-0: Ball
1-0: Swinging Strike
1-1: Ball
2-1: Called Strike
2-2: SINGLE (Groundball, 3D)
Pitching: RHP Ricardo Ontiveros
Batting: RHB Donald Sanford 0-0: Ball
1-0: Called Strike
1-1: Ball
2-1: Foul Ball, location: 2F
2-2: Strikes out looking
Batting: LHB Ryan Flynn 0-0: Ball
1-0: Foul Ball, location: 2F
1-1: Ball
2-1: Ball
3-1: Base on Balls
Eduardo Rodríguez to second
Batting: RHB Von Ford 0-0: Called Strike
0-1: Swinging Strike
0-2: Foul Ball, location: 2F
0-2: Foul Ball, location: 2F
0-2: Ball
1-2: Ball
2-2: 3-RUN HOME RUN (Flyball, 78XD), Distance : 404 ft
Pitching: RHP Gerald Núñez
Batting: RHB Joel Jackson 0-0: Ball
1-0: Ball
2-0: Ball
3-0: Called Strike
3-1: Base on Balls
Batting: RHB Justin Harris 0-0: Called Strike
0-1: Called Strike
0-2: Ball
1-2: Foul Ball, location: 2F
1-2: Foul Ball, location: 2F
1-2: Reached on error, E5 (Popup, 56S)
Joel Jackson to second
Batting: RHB Greg Handrahan 0-0: Ground out 3-1 (Groundball, 34)
Top of the 8th over - 3 runs, 2 hits, 1 error, 2 left on base; Allentown 6 - Portland 3
BOTTOM OF THE 8TH
Portland Privateers batting - Pitching for Allentown Hillbillies : RHP Dale Downs
Batting: SHB Jacob Knapp 0-0: Ball
1-0: Foul Ball, location: 2F
1-1: Ball
2-1: Ground out 6-3 (Groundball, 6)
Batting: RHB Edward Holloway 0-0: Called Strike
0-1: Ball
1-1: Swinging Strike
1-2: Foul Ball, location: 2F
1-2: Ball
2-2: Foul Ball, location: 2F
2-2: Ball
3-2: Strikes out looking
Batting: LHB Dillon Beck 0-0: Swinging Strike
0-1: SINGLE (Flyball, 89S)
Batting: SHB Patrick Larson 0-0: Called Strike
0-1: Ball
1-1: Swinging Strike
1-2: Ball
2-2: Ball
3-2: Base on Balls
Dillon Beck to second
Batting: SHB Héctor Jiménez 0-0: Ball
1-0: Fielders Choice at 2nd, 6-4 (Groundball, 6)
Bottom of the 8th over - 0 runs, 1 hit, 0 errors, 2 left on base; Allentown 6 - Portland 3
TOP OF THE 9TH
Allentown Hillbillies batting - Pitching for Portland Privateers : RHP Gerald Núñez
Batting: LHB Júlio Lorenzo 0-0: Ball
1-0: Ball
2-0: Called Strike
2-1: Ball
3-1: Foul Ball, location: 2F
3-2: Foul Ball, location: 2F
3-2: SINGLE (Groundball, 6D)
Batting: RHB Albert Lutz 0-0: Sac Bunt - play at first, batter OUT! 1-3
Júlio Lorenzo to second
Batting: LHB Eduardo Rodríguez 0-0: Ball
1-0: Ball
2-0: SINGLE (Flyball, 7LS)
Júlio Lorenzo to third
Runner from 3rd tries for Home, SAFE, no throw
Batting: RHB Donald Sanford 0-0: Called Strike
0-1: Ball
1-1: Ball
2-1: Ball
3-1: Foul Ball, location: 2F
3-2: Strikes out swinging
Eduardo Rodríguez steals 2nd base
Batter strikes out.
Batting: LHB Ryan Flynn 0-0: SINGLE (Line Drive, 4MD)
Eduardo Rodríguez to third
Batting: RHB Von Ford 0-0: Ball
1-0: Ball
Wild Pitch!
Eduardo Rodríguez scores
Ryan Flynn to second
2-0: Foul Ball, location: 2F
2-1: Foul Ball, location: 2F
2-2: SINGLE (Line Drive, 9LS)
Ryan Flynn to third
Runner from 3rd tries for Home, SAFE, throw made home
Pitching: RHP Dan Ford
Batting: RHB Joel Jackson 0-0: Ball
1-0: Ball
2-0: Ball
3-0: Called Strike
3-1: Base on Balls
Von Ford to second
Batting: RHB Justin Harris 0-0: Called Strike
0-1: Foul Ball, location: 2F
0-2: Ball
1-2: SINGLE (Line Drive, 6M)
Von Ford to third
Joel Jackson to second
Runner from 3rd tries for Home, SAFE, no throw
Batting: RHB Greg Handrahan 0-0: Ball
1-0: Ball
2-0: Called Strike
2-1: Called Strike
2-2: Foul Ball, location: 2F
2-2: Ball
3-2: Base on Balls
Joel Jackson to third
Justin Harris to second
Batting: LHB Júlio Lorenzo 0-0: Called Strike
0-1: Foul Ball, location: 2F
0-2: Foul Ball, location: 2F
0-2: Ball
1-2: Foul Ball, location: 2F
1-2: Foul Ball, location: 2F
1-2: Ball
2-2: Ground out 4-3 (Groundball, 4)
Top of the 9th over - 4 runs, 5 hits, 0 errors, 3 left on base; Allentown 10 - Portland 3
BOTTOM OF THE 9TH
Portland Privateers batting - Pitching for Allentown Hillbillies : RHP Dale Downs
Now at 1B: Hubert Brown
Now at SS: Juan Magdayao
Batting: SHB José Espinoza 0-0: Ball
1-0: SINGLE (Groundball, 4S) (infield hit)
Batting: SHB Rodney Birling 0-0: Foul Ball, location: 2F
0-1: Ball
1-1: Ball
2-1: Foul Ball, location: 2F
2-2: Ball
Wild Pitch!
José Espinoza to second
3-2: Foul Ball, location: 2F
3-2: Base on Balls
Batting: RHB Chris Adams 0-0: Ball
1-0: Swinging Strike
1-1: Ball
2-1: Ground out 6-3 (Groundball, 6S)
José Espinoza to third
Rodney Birling to second
Batting: LHB Yasuhiko Onodera 0-0: Ball
1-0: Ball
2-0: Ball
3-0: Called Strike
3-1: Base on Balls
Pinch Hitting: LHB Arturo López 0-0: Ball
1-0: Foul Ball, location: 2F
1-1: Grounds into double play, U3-6 (Groundball, 3L)
Bottom of the 9th over - 0 runs, 1 hit, 0 errors, 2 left on base; Allentown 10 - Portland 3
Saturday, April 7th, 2018 - OOTP Baseball 18.8 Build 76